 Dungeon Crawl Stone Soup version 0.20.0-10-g0535bb4 (webtiles) character file.

130 bftschaos the Cudgeler (level 5, -25/50 HPs)
             Began as an Ogre Gladiator on June 6, 2017.
             Killed from afar by a ball python (46 damage)
             ... with an exploding inner flame
             ... hexed by the player character
             ... in a sewer.
             The game lasted 00:03:47 (2126 turns).

bftschaos the Cudgeler (Ogre Gladiator)             Turns: 2126, Time: 00:03:48

Health: -25/50     AC:  3    Str: 18    XL:     5   Next: 14%
Magic:  5/5        EV: 10    Int:  9    God:
Gold:   60         SH:  0    Dex: 11    Spells: 4/4 levels left

rFire    . . .     SeeInvis .   p - +0 morningstar
rCold    . . .     Gourm    .   (no shield)
rNeg     . . .     Faith    .   b - +0 robe
rPois    .         Spirit   .   c - +0 hat
rElec    .         Reflect  .   (no cloak)
rCorr    .         Harm     .   (gloves unavailable)
MR       .....                  (boots unavailable)
Stlth    +.........             (no amulet)
Regen    0.2/turn               (no ring)
MPRegen  0.1/turn               (no ring)

@: no status effects
A: unfitting armour, tough skin 1
a: no special abilities


You were in a sewer.
You were not hungry.

You visited 1 branch of the dungeon, and saw 3 of its levels.
You also visited: Sewer.

You collected 60 gold pieces.

Inventory:

Hand Weapons
 a - a +0 flail
 p - a +0 morningstar (weapon)
Missiles
 d - 3 throwing nets (quivered)
Armour
 b - a +0 robe (worn)
 c - a +0 hat (worn)
Scrolls
 h - 2 scrolls of immolation
 m - 2 scrolls of identify
Potions
 g - a potion of lignification {unknown}
 i - 2 potions of flight
 k - a potion of agility {unknown}
 l - a potion of haste {unknown}
 o - a potion of cancellation {unknown}
Comestibles
 f - 2 bread rations
 n - 4 fruits


   Skills:
 - Level 2.6 Fighting
 + Level 5.1 Maces & Flails
 - Level 2.0 Throwing
 - Level 2.6 Dodging


You had 4 spell levels left.
You didn't know any spells.

Dungeon Overview and Level Annotations

Branches:
Dungeon (3/15)

Altars:


Innate Abilities, Weirdness & Mutations

You are too large for most types of armour.
You have tough skin. (AC +1)


Message History

The ball python explodes!
The fiery explosion engulfs you!
The fiery explosion engulfs the sickly merfolk siren.
You are no longer entranced.
The sickly merfolk siren explodes!
You hear an explosion!
The fiery explosion engulfs the rat.
The rat explodes!
You hear an explosion! x2
You feel a bit more experienced. x2
You hear a splash. x2
You feel a bit more experienced.
You hear a splash.
Your Maces & Flails skill increases to level 5!
You have reached level 5!
The fiery explosion engulfs you!
You hear a splash.
The fiery explosion engulfs you!
Ouch! That really hurt!
You die...

##.≈≈≈###
..≈≈≈≈∩∩#
#########
≈≈≈≈≈≈##########
.≈≈≈≈≈≈≈≈≈≈≈≈≈≈# $
############≈≈≈###
.. #.#§§§###≈###
#.##§§§§r≈≈≈≈
#..§§@§§≈≈≈≈≈
#######§.r≈≈≈
...≈≈ #... ##


There were no monsters in sight!

Vanquished Creatures
  A merfolk siren (Sewer)
  An adder (D:2)
  A river rat (Sewer)
  2 oozes
  2 worms
  3 dart slugs
  3 leopard geckos
  4 orcs (D:3)
  2 giant cockroaches (D:1)
  4 hobgoblins
  2 jackals (D:2)
  6 kobolds
  7 ball pythons
  4 bats
  10 frilled lizards
  3 goblins
  19 rats
74 creatures vanquished.

Notes
Turn   | Place    | Note
-------+----------+-------------------------------------------
     0 | D:1      | bftschaos the Ogre Gladiator began the quest for the Orb.
     0 | D:1      | Reached XP level 1. HP: 22/22 MP: 1/1
    67 | D:1      | Reached skill level 3 in Maces & Flails
    83 | D:1      | Reached XP level 2. HP: 18/29 MP: 2/2
   724 | D:1      | Reached XP level 3. HP: 36/36 MP: 3/3
  1031 | D:2      | Reached skill level 4 in Maces & Flails
  1350 | D:2      | Reached XP level 4. HP: 30/44 MP: 4/4
  1786 | D:3      | Found a glowing drain.
  2033 | Sewer    | Entered a sewer
  2126 | Sewer    | Reached skill level 5 in Maces & Flails
  2126 | Sewer    | Reached XP level 5. HP: 26/50 MP: 5/5
  2126 | Sewer    | Killed from afar by a ball python

Skill      XL: |  1  2  3  4 |
---------------+-------------+-----
Maces & Flails | 3 4 5 |  5.1
Fighting       | |  2.6
Throwing       | |  2.0
Dodging        | |  2.6

Action                   |  1- 3 |  4- 6 || total
-------------------------+-------+-------++-------
Melee: Flail             |   122 |    74 ||   196
       Morningstar       |       |    22 ||    22
  Use: Scroll            |       |     4 ||     4
 Stab: Sleeping          |       |     1 ||     1
  Eat: Chunk             |     1 |     3 ||     4
Armor: Robe              |    40 |    24 ||    64
Dodge: Dodged            |    82 |    65 ||   147
